AoeStats
← 一刀倾城

Arabia

503918482Analyzed
1v1 RM · 1mo ago on Sep 3, 2026· 21m 45s· 2 players
Game mode
Random Map
Map size
Tiny (2 player)
Population
200
Speed
Normal
Resources
Standard
Victory
Conquest
Starting age
Dark Age
Ending age
Imperial Age
RankedLock teamsTeams togetherTeam positionsShared explorationLock speedFull tech treeHidden civsTurbo modeCheats
Victory
Defeat
🇹🇼 Spanish · Taiwan
1349
+15
🇺🇸 Aztecs · United States
1338
-15
MrGrey
9:17 Feudal Age
9:21 Loom
9:22 Man-at-Arms
10:05 Double-Bit Axe
12:21 Town Watch
17:26 Fletching
21:08 Castle Age
20:13 Padded Archer Armor
一刀倾城
8:39 Loom
10:52 Feudal Age
15:59 Castle Age
15:56 Double-Bit Axe
21:12 Padded Archer Armor
Connection lost

Rejoining the realm…

Still unreachable

The connection could not be restored.

Session expired

The server has moved on; the page needs a fresh start.